[Event "DFMMLV 2024"]
[Site "Braunfels"]
[Date "2024.05.31"]
[Round "3.7"]
[White "Horvath, Maria"]
[Black "Heil, Marina"]
[Result "1-0"]
[ECO "A84"]
[WhiteElo "1929"]
[BlackElo "1900"]
[Annotator "NA RC"]
[PlyCount "95"]
[EventDate "2024.05.30"]
[EventType "team-tourn"]
[EventCountry "GER"]
[SourceTitle "playchess.com"]
[Source "ChessBase"]
[SourceQuality "1"]
[TimeControl "40/5400+30:1800+30"]

1. d4 f5 2. Nf3 e6 3. c4 Nf6 4. e3 b6 5. Bd3 Bb7 6. O-O Be7 7. b3 O-O 8. Bb2 Qe8 9. Nc3 Qh5 10. Be2 Qh6 11. d5 Bd6 12. Nb5 exd5 13. Nxd6 cxd6 14. cxd5 Nxd5 15. Bc4 Qe6 16. Qd4 Qf7 17. Rad1 Kh8 18. Bxd5 Nc6 19. Bxf7 Nxd4 20. Rxd4 Rxf7 21. Rxd6 Bxf3 22. gxf3 Rc8 23. Rc1 Rxc1+ 24. Bxc1 Kg8 25. Bb2 Kf8 26. Be5 Ke7 27. Rd4 Ke6 28. f4 g6 29. Rd6+ Ke7 30. a4 Rf8 31. Rd3 Rc8 32. Rc3 Rc6 33. Rxc6 dxc6 34. Kf1 Ke6 35. Ke2 Kd5 36. Kd3 a6 37. f3 b5 38. a5 c5 39. e4+ Ke6 40. Bb8 Kd7 41. Kc3 Kc6 42. b4 c4 43. Ba7 Kb7 44. Bc5 Kc6 45. Kd4 Kd7 46. Kd5 Kc7 47. Bd4 Kd7 48. Bc3 1-0

[Event "DFMMLV 2024"]
[Site "Braunfels"]
[Date "2024.05.31"]
[Round "3.9"]
[White "Rieseler, Caroline"]
[Black "Voicu-Jagodzinsky, Carmen"]
[Result "0-1"]
[ECO "B32"]
[WhiteElo "2075"]
[BlackElo "2228"]
[Annotator "RC"]
[PlyCount "88"]
[EventDate "2024.05.30"]
[EventType "team-tourn"]
[EventCountry "GER"]
[SourceTitle "playchess.com"]
[Source "ChessBase"]
[SourceQuality "1"]
[TimeControl "40/5400+30:1800+30"]

1. e4 c5 2. Nf3 Nc6 3. d4 cxd4 4. Nxd4 e5 5. Nb5 d6 6. N1c3 a6 7. Na3 Be6 8. Nc4 Rb8 9. Ne3 Nf6 10. Bd3 g6 11. O-O Bg7 12. Ned5 Bxd5 13. Nxd5 Nxd5 14. exd5 Ne7 15. f4 exf4 16. Rxf4 O-O 17. Qf3 Qa5 18. c4 f5 19. Qe2 Rbe8 20. Bd2 Qb6+ 21. Qf2 Qxf2+ 22. Kxf2 g5 23. Rf3 g4 24. Rf4 Ng6 25. Rb1 Be5 26. g3 Kg7 27. b4 Nxf4 28. gxf4 Bd4+ 29. Kg3 Kg6 30. h3 h5 31. h4 Rf7 32. Re1 Rxe1 33. Bxe1 Re7 34. Bd2 Be3 35. Bc3 Bc1 36. Bd4 Ba3 37. c5 Bxb4 38. c6 bxc6 39. dxc6 Rc7 40. Bxa6 Rxc6 41. Bb5 Rc2 42. Be8+ Kh6 43. Bf2 Rxa2 44. Bd7 Bd2 0-1

[Event "DFMMLV 2024"]
[Site "Braunfels"]
[Date "2024.05.31"]
[Round "3.10"]
[White "Kulovana, Eva"]
[Black "Ries, Jutta"]
[Result "1/2-1/2"]
[ECO "B03"]
[WhiteElo "2165"]
[BlackElo "2025"]
[Annotator "RC"]
[PlyCount "92"]
[EventDate "2024.05.30"]
[EventType "team-tourn"]
[EventCountry "GER"]
[SourceTitle "playchess.com"]
[Source "ChessBase"]
[SourceQuality "1"]
[TimeControl "40/5400+30:1800+30"]

1. e4 Nf6 2. e5 Nd5 3. d4 d6 4. c4 Nb6 5. exd6 exd6 6. Nc3 Bf5 7. Nf3 Be7 8. Be2 O-O 9. O-O Re8 10. Be3 Nc6 11. b3 Bf6 12. Qd2 h6 13. h3 d5 14. c5 Nc8 15. a3 N8e7 16. b4 a6 17. g4 Be4 18. Rfd1 Ng6 19. Ne1 Nf8 20. Rac1 Bg5 21. f4 Bh4 22. Nxe4 Bxe1 23. Rxe1 Rxe4 24. Bf3 Re8 25. Bf2 Qd7 26. f5 Nh7 27. Qf4 Ng5 28. Bg2 Rad8 29. Bg3 Ne4 30. Qxc7 Nxg3 31. Qxg3 Nxd4 32. Qd3 Rxe1+ 33. Rxe1 Nb5 34. a4 Nc7 35. Qb3 Qc6 36. Rc1 Qf6 37. b5 axb5 38. axb5 Ra8 39. b6 Qd4+ 40. Kh1 Ra1 41. Rxa1 Qxa1+ 42. Kh2 Qe5+ 43. Qg3 Qxg3+ 44. Kxg3 Na6 45. Bxd5 Nxc5 46. Kf4 Kf8 1/2-1/2

[Event "DFMMLV 2024"]
[Site "Braunfels"]
[Date "2024.05.31"]
[Round "3.11"]
[White "Reinecke, Katharina"]
[Black "Trunz, Michelle"]
[Result "1-0"]
[ECO "B52"]
[WhiteElo "1949"]
[BlackElo "2048"]
[Annotator "NA RC"]
[PlyCount "121"]
[EventDate "2024.05.30"]
[EventType "team-tourn"]
[EventCountry "GER"]
[SourceTitle "playchess.com"]
[Source "ChessBase"]
[SourceQuality "1"]
[TimeControl "40/5400+30:1800+30"]

1. e4 c5 2. Nf3 d6 3. Bb5+ Bd7 4. Bxd7+ Qxd7 5. O-O Nc6 6. c3 Nf6 7. Re1 e5 8. d4 g6 9. Bg5 Bg7 10. d5 Ne7 11. b4 cxb4 12. cxb4 Rc8 13. Nbd2 h6 14. Bxf6 Bxf6 15. Rc1 O-O 16. Qb3 g5 17. h3 Ng6 18. Qe3 Nf4 19. Nf1 g4 20. hxg4 Qxg4 21. Ng3 h5 22. Nh2 Qg5 23. Rxc8 Rxc8 24. Qf3 Rc2 25. Nf5 Bd8 26. Nf1 Bb6 27. N1e3 Rxa2 28. Kh2 Nd3 29. Rf1 Qf4+ 30. Qg3+ Kf8 31. Kh3 Qxg3+ 32. Kxg3 h4+ 33. Nxh4 Nxb4 34. Nhf5 Bxe3 35. fxe3 a5 36. Nxd6 Ke7 37. Nxb7 a4 38. d6+ Ke6 39. Rd1 Kd7 40. Nc5+ Kd8 41. d7 Nc6 42. Nb7+ Kc7 43. d8=Q+ Nxd8 44. Nxd8 f6 45. Ne6+ Kc6 46. Ng7 Re2 47. Kf3 Rb2 48. Nh5 Rb7 49. g4 Rf7 50. Ke2 Kc5 51. Kd2 Kc4 52. Kc2 a3 53. Kb1 a2+ 54. Kxa2 Kc3 55. Rd6 Kc2 56. Ka3 Kc3 57. Ka4 Kc4 58. Ka5 Kc5 59. Rxf6 Ra7+ 60. Ra6 Rb7 61. Nf6 1-0

[Event "DFMMLV 2024"]
[Site "Braunfels"]
[Date "2024.05.31"]
[Round "3.12"]
[White "Hess, Olena"]
[Black "Frank, Michelle Viviane"]
[Result "1-0"]
[ECO "E91"]
[WhiteElo "2041"]
[BlackElo "1899"]
[Annotator "NA RC"]
[PlyCount "111"]
[EventDate "2024.05.30"]
[EventType "team-tourn"]
[EventCountry "GER"]
[SourceTitle "playchess.com"]
[Source "ChessBase"]
[SourceQuality "1"]
[TimeControl "40/5400+30:1800+30"]

1. Nf3 Nf6 2. c4 g6 3. Nc3 Bg7 4. e4 d6 5. d4 O-O 6. Be2 Bg4 7. Be3 Nfd7 8. Qd2 c6 9. O-O a5 10. d5 Na6 11. Nd4 Bxe2 12. Qxe2 Bxd4 13. Bxd4 Nac5 14. f4 e5 15. fxe5 Nxe5 16. Bxe5 dxe5 17. Kh1 Qe7 18. Rae1 Rae8 19. Qc2 Qg5 20. Rf3 f5 21. Rg3 Qf6 22. exf5 Qxf5 23. Qxf5 Rxf5 24. Kg1 Ref8 25. Rge3 Re8 26. Ne4 Nxe4 27. Rxe4 cxd5 28. cxd5 Kf7 29. Rc1 Ke7 30. g4 Rf4 31. Rxe5+ Kf8 32. Rxe8+ Kxe8 33. h3 Kd7 34. Rc5 b6 35. Rc6 Rb4 36. b3 a4 37. Rc4 Rb5 38. Rxa4 Rxd5 39. Kf2 h5 40. Ke3 hxg4 41. hxg4 Ke6 42. Rb4 Rd6 43. Rb5 Kf6 44. Ke4 Ke6 45. Re5+ Kf6 46. g5+ Kf7 47. Rb5 Ke6 48. Re5+ Kf7 49. Rd5 Rc6 50. Ke5 Re6+ 51. Kd4 Rc6 52. Re5 Rc2 53. a4 Rc1 54. Rb5 Rc6 55. Kd5 Re6 56. Rb4 1-0

[Event "DFMMLV 2024"]
[Site "Braunfels"]
[Date "2024.05.31"]
[Round "3.13"]
[White "Werner, Rosalie"]
[Black "Trunz, Elena"]
[Result "0-1"]
[ECO "B84"]
[WhiteElo "1937"]
[BlackElo "2107"]
[Annotator "RC"]
[PlyCount "114"]
[EventDate "2024.05.30"]
[EventType "team-tourn"]
[EventCountry "GER"]
[SourceTitle "playchess.com"]
[Source "ChessBase"]
[SourceQuality "1"]
[TimeControl "40/5400+30:1800+30"]

1. e4 c5 2. Nf3 d6 3. d4 cxd4 4. Nxd4 Nf6 5. Nc3 a6 6. Be2 e6 7. Be3 Qc7 8. O-O b5 9. a3 Bb7 10. Bd3 Nbd7 11. Qe2 Be7 12. Rae1 O-O 13. Kh1 Nc5 14. Bc1 Nxd3 15. Qxd3 Rac8 16. f4 Qc4 17. Rf3 Nd7 18. Nb3 Qxd3 19. Rxd3 Nb6 20. Nd2 Rfd8 21. Nf3 d5 22. exd5 Nxd5 23. Nxd5 Bxd5 24. c3 Kf8 25. Red1 Bxf3 26. Rxd8+ Rxd8 27. Rxd8+ Bxd8 28. gxf3 Ke7 29. Be3 Bc7 30. Kg2 g6 31. Kg3 Kf6 32. b3 Kf5 33. h4 e5 34. Bd2 exf4+ 35. Kg2 h5 36. Kh3 Bd6 37. Bc1 Be7 38. c4 bxc4 39. bxc4 f6 40. Bb2 Bc5 41. a4 Bf2 42. Bc3 g5 43. hxg5 fxg5 44. Ba5 Bd4 45. Bd8 Bf6 46. Bb6 g4+ 47. Kg2 Bc3 48. a5 Bd2 49. c5 Ke6 50. c6 Kd6 51. c7 Kd7 52. fxg4 hxg4 53. Kf2 Bc3 54. Ke2 Be5 55. c8=Q+ Kxc8 56. Bc5 Kd7 57. Kd3 Kc6 0-1

[Event "DFMMLV 2024"]
[Site "Braunfels"]
[Date "2024.05.31"]
[Round "3.14"]
[White "Freitag, Julia"]
[Black "Blaschke, Franziska"]
[Result "1-0"]
[ECO "A45"]
[WhiteElo "2084"]
[BlackElo "1915"]
[Annotator "NA RC"]
[PlyCount "67"]
[EventDate "2024.05.30"]
[EventType "team-tourn"]
[EventCountry "GER"]
[SourceTitle "playchess.com"]
[Source "ChessBase"]
[SourceQuality "1"]
[TimeControl "40/5400+30:1800+30"]

1. d4 Nf6 2. e3 e6 3. f4 c5 4. Nf3 cxd4 5. exd4 g6 6. Bd3 Bg7 7. c3 Nc6 8. O-O O-O 9. Qe1 b6 10. Nbd2 Bb7 11. Ng5 Ne7 12. Qh4 h6 13. Nge4 Nxe4 14. Nxe4 Nd5 15. Qh3 f5 16. Nd6 Rb8 17. Nxb7 Rxb7 18. a4 Qc7 19. Bd2 Nf6 20. Qf3 Rbb8 21. h3 d5 22. g4 Ne4 23. Bxe4 dxe4 24. Qe2 Rbc8 25. Kh1 Kh7 26. Rg1 Rg8 27. Rg2 Bh8 28. Rag1 Qc6 29. h4 Qxa4 30. h5 gxh5 31. gxf5 exf5 32. Qxh5 Qd7 33. Qxh6+ Kxh6 34. Rh2# 1-0

[Event "DFMMLV 2024"]
[Site "Braunfels"]
[Date "2024.05.31"]
[Round "3.17"]
[White "Rogozenco, Teodora"]
[Black "Sickmann, Lisa"]
[Result "0-1"]
[ECO "D60"]
[WhiteElo "1993"]
[BlackElo "1980"]
[Annotator "NA RC"]
[PlyCount "74"]
[EventDate "2024.05.30"]
[EventType "team-tourn"]
[EventCountry "GER"]
[SourceTitle "playchess.com"]
[Source "ChessBase"]
[SourceQuality "1"]
[TimeControl "40/5400+30:1800+30"]

1. d4 d5 2. c4 e6 3. Nf3 Nf6 4. Bg5 Be7 5. e3 O-O 6. Nc3 Nbd7 7. Be2 b6 8. cxd5 exd5 9. O-O Bb7 10. Bf4 Ne4 11. Rc1 Nxc3 12. Rxc3 c5 13. b3 Nf6 14. Rc2 Ne4 15. Bb5 a6 16. Bd3 Re8 17. Qe2 Bd6 18. Bxd6 Qxd6 19. Rfc1 g6 20. Qf1 Qe7 21. h3 Rec8 22. Qd1 Rd8 23. Be2 Rac8 24. Ne5 Rc7 25. Qf1 Ra8 26. Nd3 Rac8 27. dxc5 bxc5 28. Nf4 Qd6 29. Rd1 a5 30. Bc4 d4 31. Ne2 Qe5 32. exd4 cxd4 33. Nxd4 Nd6 34. Re2 Qf6 35. Nb5 Nxb5 36. Bxb5 Qg5 37. Bc4 Bf3 0-1

[Event "DFMMLV 2024"]
[Site "Braunfels"]
[Date "2024.05.31"]
[Round "3.19"]
[White "Meyer, Bettina"]
[Black "Braeutigam, Katerina"]
[Result "0-1"]
[ECO "E94"]
[WhiteElo "1981"]
[BlackElo "1988"]
[Annotator "RC"]
[PlyCount "78"]
[EventDate "2024.05.30"]
[EventType "team-tourn"]
[EventCountry "GER"]
[SourceTitle "playchess.com"]
[Source "ChessBase"]
[SourceQuality "1"]
[TimeControl "40/5400+30:1800+30"]

1. d4 Nf6 2. c4 g6 3. Nc3 Bg7 4. e4 d6 5. Nf3 O-O 6. Be2 e5 7. Be3 exd4 8. Nxd4 Re8 9. f3 Nc6 10. O-O Nxd4 11. Bxd4 c6 12. Qd2 Qe7 13. Rad1 Bf8 14. Rfe1 b6 15. Bf1 Bb7 16. Bf2 Nh5 17. g4 Ng7 18. Bg3 Rad8 19. h4 f6 20. Qh2 h5 21. Bh3 Qf7 22. Bxd6 Qxc4 23. Bxf8 Kxf8 24. Qc7 Qc5+ 25. Kg2 Qe7 26. Qf4 Ne6 27. Qh6+ Qg7 28. Qc1 Qc7 29. Ne2 Ba6 30. Qh6+ Qg7 31. Qe3 Rxd1 32. Rxd1 Bxe2 33. Rd2 g5 34. Rxe2 Nf4+ 35. Kg3 gxh4+ 36. Kxh4 Qg5+ 37. Kg3 h4+ 38. Kh2 Qe5 39. Qa3+ c5 0-1

[Event "DFMMLV 2024"]
[Site "Braunfels"]
[Date "2024.05.31"]
[Round "3.21"]
[White "Sural, Ceren"]
[Black "Mundt, Alexandra"]
[Result "0-1"]
[ECO "A40"]
[WhiteElo "1793"]
[BlackElo "1874"]
[Annotator "NA RC"]
[PlyCount "222"]
[EventDate "2024.05.30"]
[EventType "team-tourn"]
[EventCountry "GER"]
[SourceTitle "playchess.com"]
[Source "ChessBase"]
[SourceQuality "1"]
[TimeControl "40/5400+30:1800+30"]

1. d4 g6 2. Nf3 Bg7 3. b3 c5 4. e3 Nc6 5. Bb2 d6 6. a3 Bg4 7. Be2 Bxf3 8. Bxf3 cxd4 9. Bxc6+ bxc6 10. exd4 Nf6 11. O-O O-O 12. Qf3 d5 13. Nd2 e6 14. Rfe1 Rc8 15. b4 g5 16. h3 Kh8 17. Qe2 Rg8 18. Nf1 Ne4 19. f3 Nf6 20. g4 Nd7 21. Ng3 Nf8 22. Nh5 Ng6 23. Nxg7 Rxg7 24. Bc1 Qf6 25. Be3 Re8 26. Qf2 Nf4 27. Bxf4 Qxf4 28. Rad1 f6 29. Kg2 Rge7 30. Qe3 Qc7 31. Qd3 Qd7 32. Rd2 e5 33. dxe5 fxe5 34. Rde2 Kg7 35. Qd2 h6 36. Qc3 Qd6 37. Qc5 Qxc5 38. bxc5 Kf6 39. Rb1 Rd8 40. c3 Rde8 41. a4 d4 42. c4 Rd7 43. Rb3 Ree7 44. a5 e4 45. fxe4 Ke5 46. Rd3 Rf7 47. Rd1 Rf4 48. Kg3 Rxe4 49. Rde1 Rxe2 50. Rxe2+ Kf6 51. Kf3 d3 52. Rd2 Ke5 53. Ke3 Rd4 54. a6 Rxc4 55. Rxd3 Rxc5 56. Rd7 Rc3+ 57. Kd2 Rxh3 58. Rxa7 Ra3 59. Kc2 Kd5 60. Kb2 Ra5 61. Kb3 Kc5 62. Rh7 Rxa6 63. Rxh6 Ra5 64. Rf6 Kb6 65. Rg6 Re5 66. Kc3 Kc5 67. Kd3 Kd5 68. Rg8 c5 69. Rd8+ Kc6 70. Rg8 Kd5 71. Rg6 c4+ 72. Kc3 Ke4 73. Rf6 Kd5 74. Rg6 Kc5 75. Rf6 Re3+ 76. Kd2 Rd3+ 77. Kc2 Rd5 78. Kc3 Kb5 79. Rf8 Rd3+ 80. Kc2 Kb4 81. Rf5 Rg3 82. Rxg5 Rg2+ 83. Kd1 Kc3 84. Rg8 Rg1+ 85. Ke2 Kc2 86. g5 c3 87. g6 Kc1 88. g7 c2 89. Kf2 Rg6 90. Ke2 Re6+ 91. Kf2 Re7 92. Kf1 Rb7 93. Ke1 Kb2 94. Rc8 Rxg7 95. Rb8+ Kc1 96. Rb6 Rg3 97. Ke2 Rg2+ 98. Ke1 Rd2 99. Rb8 Rd4 100. Ke2 Rd5 101. Rb7 Re5+ 102. Kf2 Kd2 103. Rd7+ Kc3 104. Rc7+ Kb3 105. Kf3 Kb2 106. Rb7+ Kc3 107. Rc7+ Kd3 108. Kf2 Re4 109. Rd7+ Rd4 110. Rc7 Rc4 111. Rd7+ Kc3 0-1

[Event "DFMMLV 2024"]
[Site "Braunfels"]
[Date "2024.05.31"]
[Round "3.22"]
[White "Rosmait, Emily"]
[Black "Tobianski, Karina"]
[Result "1-0"]
[ECO "B01"]
[WhiteElo "1896"]
[BlackElo "1816"]
[Annotator "NA RC"]
[PlyCount "96"]
[EventDate "2024.05.30"]
[EventType "team-tourn"]
[EventCountry "GER"]
[SourceTitle "playchess.com"]
[Source "ChessBase"]
[SourceQuality "1"]
[TimeControl "40/5400+30:1800+30"]

1. e4 d5 2. exd5 Nf6 3. d4 Nxd5 4. Nf3 Bg4 5. Be2 e6 6. O-O Be7 7. c4 Nb6 8. h3 Bh5 9. Nc3 O-O 10. Be3 Nc6 11. b3 Bg6 12. a3 Bf6 13. b4 a6 14. Rc1 Qe7 15. Qb3 Rfd8 16. Rfd1 Rd7 17. Rd2 Rad8 18. Rcd1 Nc8 19. c5 Qe8 20. g4 h6 21. h4 Be7 22. a4 a5 23. b5 Nb4 24. h5 Bh7 25. Ne5 c6 26. Nxd7 Qxd7 27. Bf3 Bf6 28. bxc6 bxc6 29. Ne4 Bxe4 30. Bxe4 Ne7 31. Bf4 Ned5 32. Bxd5 Qxd5 33. Qxd5 Nxd5 34. Bd6 Nc3 35. Re1 Nd5 36. Rb1 Nb4 37. Bc7 Rxd4 38. Rxd4 Bxd4 39. Bxa5 Na6 40. Bb6 Kf8 41. Kf1 Ke7 42. Ke2 g6 43. Rd1 Bxc5 44. Bxc5+ Nxc5 45. a5 gxh5 46. gxh5 e5 47. Ke3 f5 48. Rg1 f4+ 1-0

[Event "DFMMLV 2024"]
[Site "Braunfels"]
[Date "2024.05.31"]
[Round "3.23"]
[White "Neumann, Ramona"]
[Black "Freter, Anke"]
[Result "1-0"]
[ECO "B60"]
[WhiteElo "1774"]
[BlackElo "1918"]
[Annotator "NA RC"]
[PlyCount "51"]
[EventDate "2024.05.30"]
[EventType "team-tourn"]
[EventCountry "GER"]
[SourceTitle "playchess.com"]
[Source "ChessBase"]
[SourceQuality "1"]
[TimeControl "40/5400+30:1800+30"]

1. e4 c5 2. Nf3 Nc6 3. d4 cxd4 4. Nxd4 Nf6 5. Nc3 d6 6. Bg5 Qa5 7. Bxf6 gxf6 8. Nb3 Qd8 9. Qh5 a6 10. O-O-O Be6 11. Nd5 Rc8 12. Bc4 Bxd5 13. Bxd5 Ne5 14. Rhe1 Qd7 15. f4 e6 16. fxe5 exd5 17. exf6 dxe4 18. Rxe4+ Kd8 19. Qa5+ Qc7 20. Qxc7+ Rxc7 21. Kb1 Rg8 22. g3 Bh6 23. Rxd6+ Rd7 24. Rxd7+ Kxd7 25. Re7+ Kd8 26. Rxf7 1-0

[Event "DFMMLV 2024"]
[Site "Braunfels"]
[Date "2024.05.31"]
[Round "3.24"]
[White "Leib, Britta"]
[Black "Hoelzer, Jeanette"]
[Result "1-0"]
[ECO "C54"]
[WhiteElo "1920"]
[BlackElo "1791"]
[Annotator "RC"]
[PlyCount "117"]
[EventDate "2024.05.30"]
[EventType "team-tourn"]
[EventCountry "GER"]
[SourceTitle "playchess.com"]
[Source "ChessBase"]
[SourceQuality "1"]
[TimeControl "40/5400+30:1800+30"]

1. e4 e5 2. Nf3 Nc6 3. Bc4 Bc5 4. c3 Nf6 5. d3 O-O 6. O-O d6 7. b4 Bb6 8. Nbd2 Re8 9. a4 a5 10. Qb3 Be6 11. b5 Nb8 12. d4 exd4 13. cxd4 Bxc4 14. Nxc4 Nxe4 15. Nxb6 cxb6 16. Ba3 Nd7 17. Rac1 Ndf6 18. h3 d5 19. Qc2 Rc8 20. Qd3 Rc7 21. Ne5 Nd7 22. Ng4 Ndf6 23. Ne5 Nd7 24. Rxc7 Qxc7 25. Nxd7 Qxd7 26. Rc1 Rc8 27. f3 Nf6 28. Rc3 Rxc3 29. Qxc3 h6 30. Kf2 Nh5 31. Qe3 Nf6 32. Qe7 Qxe7 33. Bxe7 Nd7 34. Ke3 f5 35. Kf4 g6 36. g4 Kf7 37. Bd8 fxg4 38. fxg4 Ke6 39. Kg3 Kf7 40. h4 Ke6 41. Kf4 Kf7 42. h5 gxh5 43. gxh5 Ke6 44. Bc7 Kf6 45. Kg4 Ke6 46. Bf4 Nf6+ 47. Kf3 Nxh5 48. Bc7 Nf6 49. Bxb6 Nd7 50. Bxa5 Kd6 51. Bd2 h5 52. a5 Kc7 53. Kf4 Kd6 54. Kf5 h4 55. Bf4+ Ke7 56. Bg5+ Kd6 57. Bxh4 Kc7 58. Bg3+ Kc8 59. Bd6 1-0

[Event "DFMMLV 2024"]
[Site "Braunfels"]
[Date "2024.05.31"]
[Round "3.26"]
[White "Kalina, Lena"]
[Black "Peglau, Dora"]
[Result "0-1"]
[ECO "D20"]
[WhiteElo "1918"]
[BlackElo "2002"]
[Annotator "NA RC"]
[PlyCount "52"]
[EventDate "2024.05.30"]
[EventType "team-tourn"]
[EventCountry "GER"]
[SourceTitle "playchess.com"]
[Source "ChessBase"]
[SourceQuality "1"]
[TimeControl "40/5400+30:1800+30"]

1. d4 d5 2. c4 dxc4 3. e3 e5 4. Bxc4 Nc6 5. d5 Na5 6. Qa4+ c6 7. dxc6 Nxc6 8. Nc3 Bd6 9. Nf3 Nf6 10. O-O O-O 11. e4 Bg4 12. Ne1 a6 13. Bd5 b5 14. Qc2 Nd4 15. Qd3 Nxd5 16. exd5 b4 17. f3 Bd7 18. Ne4 Bb5 19. Qd2 Bxf1 20. Kxf1 Rc8 21. b3 Be7 22. Bb2 f5 23. Ng3 Qxd5 24. Rd1 Qb5+ 25. Kg1 Rfd8 26. Qe3 f4 0-1

[Event "DFMMLV 2024"]
[Site "Braunfels"]
[Date "2024.05.31"]
[Round "3.27"]
[White "Steinbacher, Claudia"]
[Black "Krasnopeyeva, Julia"]
[Result "1-0"]
[ECO "E81"]
[WhiteElo "2027"]
[BlackElo "1918"]
[Annotator "NA RC"]
[PlyCount "87"]
[EventDate "2024.05.30"]
[EventType "team-tourn"]
[EventCountry "GER"]
[SourceTitle "playchess.com"]
[Source "ChessBase"]
[SourceQuality "1"]
[TimeControl "40/5400+30:1800+30"]

1. d4 Nf6 2. c4 g6 3. Nc3 Bg7 4. e4 d6 5. f3 O-O 6. Be3 a6 7. Qd2 Nbd7 8. Rd1 b6 9. Bd3 c5 10. Nge2 Bb7 11. O-O cxd4 12. Nxd4 Rc8 13. b3 Nc5 14. Bb1 Nfd7 15. Bh6 Ne5 16. Bxg7 Kxg7 17. f4 Ned7 18. Nf3 Qc7 19. Rfe1 b5 20. Nd5 Bxd5 21. cxd5 Qb6 22. Kh1 b4 23. h3 a5 24. Nd4 e5 25. dxe6 fxe6 26. f5 Rf6 27. Nf3 Ne5 28. Qxd6 Qxd6 29. Rxd6 Nxf3 30. gxf3 exf5 31. Rd5 fxe4 32. fxe4 Rf3 33. Kg2 Rc3 34. e5 Re8 35. h4 Re6 36. Rd8 Re7 37. Ra8 Nb7 38. Ra7 Rcc7 39. Bd3 Kh6 40. Bc4 Kh5 41. Kg3 g5 42. Ra6 gxh4+ 43. Kf4 Rc5 44. Be2# 1-0

[Event "DFMMLV 2024"]
[Site "Braunfels"]
[Date "2024.05.31"]
[Round "3.28"]
[White "Mader, Lena"]
[Black "Peglau, Mirjam"]
[Result "0-1"]
[ECO "A34"]
[WhiteElo "1902"]
[BlackElo "1948"]
[Annotator "RC"]
[PlyCount "154"]
[EventDate "2024.05.30"]
[EventType "team-tourn"]
[EventCountry "GER"]
[SourceTitle "playchess.com"]
[Source "ChessBase"]
[SourceQuality "1"]
[TimeControl "40/5400+30:1800+30"]

1. c4 c5 2. g3 Nf6 3. Bg2 d5 4. cxd5 Nxd5 5. Nc3 Nc7 6. Nf3 Nc6 7. O-O e5 8. d3 Be7 9. b3 Be6 10. Bb2 f6 11. Rc1 Qd7 12. Re1 O-O 13. Qc2 Rac8 14. Qb1 Rfd8 15. Red1 b6 16. Qa1 Bg4 17. Ne4 Nb5 18. Rc2 Qf5 19. Re1 Bxf3 20. Bxf3 Nbd4 21. Bxd4 Nxd4 22. Qd1 Nxc2 23. Qxc2 Qe6 24. Nc3 f5 25. Nb5 a6 26. Nc3 Rc7 27. a4 Bf6 28. e4 fxe4 29. Bxe4 Rcd7 30. Ne2 g6 31. Rb1 Kg7 32. Kg2 Be7 33. Kg1 Rf8 34. Rf1 Bg5 35. h4 Bh6 36. Kg2 Rdf7 37. f3 Be3 38. Nc3 Rd7 39. Ne2 b5 40. axb5 axb5 41. Ra1 Qb6 42. Ra2 Ra7 43. Rb2 Rff7 44. Qb1 Ra3 45. Ra2 Qa5 46. Rxa3 Qxa3 47. Nc3 Qb4 48. Qc2 Bd4 49. Ne2 Ra7 50. Nxd4 Qxd4 51. Qf2 Qc3 52. f4 exf4 53. gxf4 Rf7 54. Kg3 Rc7 55. h5 Qxb3 56. hxg6 hxg6 57. f5 gxf5 58. Qxf5 Qf7 59. Qg5+ Kh8 60. Qd8+ Qg8+ 61. Qxg8+ Kxg8 62. Kf4 Kf7 63. Ke5 Ke7 64. Kd5 c4 65. dxc4 bxc4 66. Bc2 c3 67. Kd4 Kd6 68. Kd3 Ke5 69. Bb3 Rc5 70. Ba4 Kd5 71. Bc2 Kc6 72. Kd4 Kb5 73. Bd3+ Kb4 74. Bc2 Rc8 75. Kd3 Rd8+ 76. Ke3 Rd2 77. Bf5 Rh2 0-1

[Event "DFMMLV 2024"]
[Site "Braunfels"]
[Date "2024.05.31"]
[Round "3.29"]
[White "Just, Anita"]
[Black "Braje, Monika"]
[Result "1-0"]
[ECO "B01"]
[WhiteElo "1884"]
[BlackElo "1861"]
[Annotator "NA RC"]
[PlyCount "83"]
[EventDate "2024.05.30"]
[EventType "team-tourn"]
[EventCountry "GER"]
[SourceTitle "playchess.com"]
[Source "ChessBase"]
[SourceQuality "1"]
[TimeControl "40/5400+30:1800+30"]

1. e4 d5 2. exd5 Nf6 3. Bb5+ Bd7 4. Be2 Nxd5 5. Nf3 g6 6. d4 Bg7 7. O-O O-O 8. c4 Nb6 9. Nc3 c6 10. h3 Qc7 11. Bg5 Be6 12. Qb3 f6 13. Bh4 Bf7 14. Bg3 Qc8 15. a4 N6d7 16. Qa3 e5 17. Ne4 Qd8 18. Nd6 Qe7 19. Nxb7 Qxa3 20. Rxa3 exd4 21. Nxd4 f5 22. Rd1 Re8 23. Nd6 Re7 24. Nxf7 Kxf7 25. Bf3 Ne5 26. Bxe5 Rxe5 27. Nxc6 Nxc6 28. Bxc6 Rc8 29. Bd5+ Kf8 30. Rb3 Rce8 31. Rb7 Re1+ 32. Rxe1 Rxe1+ 33. Kh2 Bd4 34. f4 h6 35. b4 Bg1+ 36. Kg3 Re3+ 37. Bf3 Rc3 38. c5 Rc4 39. c6 Be3 40. Bd5 Bxf4+ 41. Kf3 Rd4 42. c7 1-0

[Event "DFMMLV 2024"]
[Site "Braunfels"]
[Date "2024.05.31"]
[Round "3.30"]
[White "Rotermund, Verena"]
[Black "Kosovska, Olena"]
[Result "1/2-1/2"]
[ECO "B23"]
[WhiteElo "1765"]
[BlackElo "1935"]
[Annotator "NA RC"]
[PlyCount "93"]
[EventDate "2024.05.30"]
[EventType "team-tourn"]
[EventCountry "GER"]
[SourceTitle "playchess.com"]
[Source "ChessBase"]
[SourceQuality "1"]
[TimeControl "40/5400+30:1800+30"]

1. e4 c5 2. Nc3 a6 3. a4 e5 4. Bc4 Nc6 5. d3 Be7 6. f4 exf4 7. Bxf4 Bh4+ 8. g3 Bf6 9. Nf3 d6 10. O-O Nge7 11. Ng5 O-O 12. Qh5 Bxg5 13. Bxg5 Qe8 14. Rf2 Be6 15. Bxe6 fxe6 16. Rxf8+ Qxf8 17. Rf1 Qe8 18. Qg4 Ng6 19. h4 Nd4 20. h5 Ne5 21. Qd1 b5 22. axb5 axb5 23. Bf4 Nf7 24. h6 b4 25. Qg4 Nxh6 26. Bxh6 Qg6 27. Qxg6 hxg6 28. Be3 bxc3 29. Bxd4 cxd4 30. bxc3 dxc3 31. Kg2 Ra2 32. Rf2 Kh7 33. Kf3 g5 34. Ke3 Ra4 35. d4 Kg6 36. Kd3 Ra3 37. Rf8 Ra1 38. Rd8 Rg1 39. Kxc3 Rxg3+ 40. Kc4 Re3 41. Rxd6 Rxe4 42. Kd3 Re1 43. Kd2 Re4 44. Kd3 Kf5 45. Rd7 Re1 46. Rxg7 Rd1+ 47. Ke3 1/2-1/2

[Event "DFMMLV 2024"]
[Site "Braunfels"]
[Date "2024.05.31"]
[Round "3.31"]
[White "Lowke, Kathrin"]
[Black "Graf, Ann-Jennifer"]
[Result "1/2-1/2"]
[ECO "C42"]
[WhiteElo "1893"]
[BlackElo "1827"]
[Annotator "NA RC"]
[PlyCount "48"]
[EventDate "2024.05.30"]
[EventType "team-tourn"]
[EventCountry "GER"]
[SourceTitle "playchess.com"]
[Source "ChessBase"]
[SourceQuality "1"]
[TimeControl "40/5400+30:1800+30"]

1. e4 e5 2. Nf3 Nf6 3. Nxe5 d6 4. Nf3 Nxe4 5. d4 d5 6. Be2 Bd6 7. O-O O-O 8. Be3 Nd7 9. Nbd2 Ndf6 10. c3 Re8 11. h3 c6 12. Qc2 Qc7 13. Bd3 h6 14. Rac1 Bf4 15. Rfe1 Bf5 16. Ne5 Bxe5 17. dxe5 Qxe5 18. f3 Ng3 19. Bf2 Ne2+ 20. Rxe2 Qxe2 21. Bxf5 Qa6 22. a3 b6 23. Bd4 Nh5 24. Bd3 Qb7 1/2-1/2

[Event "DFMMLV 2024"]
[Site "Braunfels"]
[Date "2024.05.31"]
[Round "3.33"]
[White "Pavlov, Liliane"]
[Black "Rath, Alina"]
[Result "0-1"]
[ECO "D32"]
[WhiteElo "1846"]
[BlackElo "2041"]
[Annotator "NA RC"]
[PlyCount "60"]
[EventDate "2024.05.30"]
[EventType "team-tourn"]
[EventCountry "GER"]
[SourceTitle "playchess.com"]
[Source "ChessBase"]
[SourceQuality "1"]
[TimeControl "40/5400+30:1800+30"]

1. d4 d5 2. c4 e6 3. Nf3 c5 4. cxd5 exd5 5. Nc3 Nc6 6. dxc5 d4 7. Ne4 Qd5 8. Nd6+ Bxd6 9. cxd6 Qxd6 10. g3 Nf6 11. Bg2 O-O 12. O-O Rd8 13. Qb3 h6 14. Rd1 Qe7 15. e3 Be6 16. Qa4 dxe3 17. Bxe3 a6 18. Nd4 Nxd4 19. Bxd4 Nd5 20. Rac1 Rd7 21. Bc5 Qf6 22. Bd4 Qd8 23. a3 Rc8 24. f4 Rxc1 25. Rxc1 Nxf4 26. gxf4 Rxd4 27. Qc2 Rxf4 28. Qc7 Qd4+ 29. Kh1 b6 30. b4 Kh7 0-1